 Dungeon Crawl Stone Soup version 0.22.0-32-gbc6daba (webtiles) character file.

105 HEYYEYAAE the Poker (level 4, -2/39 HPs)
             Began as a Demigod Gladiator on Aug 23, 2018.
             Killed from afar by an orc wizard (5 damage)
             ... with a puff of frost
             ... on level 3 of the Dungeon.
             The game lasted 00:01:51 (1802 turns).

HEYYEYAAE the Poker (Demigod Gladiator)             Turns: 1802, Time: 00:01:52

Health: -2/39      AC:  4    Str: 17 (19) XL:     4   Next: 29%
Magic:  6/6        EV: 13    Int: 11 (12) God:
Gold:   69         SH:  0    Dex: 17 (20) Spells: 3/3 levels left

rFire    + . .     SeeInvis .   a - +0 trident
rCold    + . .     Gourm    .   (no shield)
rNeg     . . .     Faith    .   b - +0 leather armour
rPois    +         Spirit   .   c - +0 helmet
rElec    +         Reflect  .   (no cloak)
rCorr    +         Harm     .   (no gloves)
MR       .....                  (no boots)
Stlth    +.........             (no amulet)
HPRegen  0.13/turn              i - ring of wizardry
MPRegen  0.10/turn              j - +3 ring of dexterity

@: resistant
A: yellow scales 1, deformed body, high mp 1, robust 1
a: no special abilities


You were on level 3 of the Dungeon.
You were not hungry.

You visited 1 branch of the dungeon, and saw 3 of its levels.

You collected 69 gold pieces.

Inventory:

Hand Weapons
 a - a +0 trident (weapon)
Missiles
 d - 2 throwing nets (quivered)
Armour
 b - a +0 leather armour (worn)
 c - a +0 helmet (worn)
Jewellery
 i - a ring of wizardry (left hand)
 j - a +3 ring of dexterity (right hand)
Scrolls
 g - 3 scrolls of remove curse
 k - a scroll of random uselessness
 l - a scroll of fog {unknown}
 m - a scroll of identify {unknown}
Potions
 h - a potion of cancellation
Comestibles
 f - a ration


   Skills:
 - Level 1.7 Fighting
 * Level 4.9 Polearms
 - Level 1.7 Throwing
 - Level 2.6 Dodging


You had 3 spell levels left.
You didn't know any spells.
Your spell library was empty.

Dungeon Overview and Level Annotations

Branches:
Dungeon (3/15)


Innate Abilities, Weirdness & Mutations

You have an increased reservoir of magic. (+10% MP)
You are partially covered in yellow scales. (AC +2)
Armour fits poorly on your strangely shaped body.
You are robust. (+10% HP)


Message History

The orc wizard points at you and mumbles some strange words.
The magic dart hits you!
* * * LOW HITPOINT WARNING * * *
The orc wizard hits you with a dagger.
* * * LOW HITPOINT WARNING * * *
As you read the scroll labeled ERADDA CUIFFUKH, it crumbles to dust.
You feel blessed for a moment.
It was a scroll of remove curse.
The orc wizard hits you with a dagger.
* * * LOW HITPOINT WARNING * * *
The orc wizard closely misses you.
As you read the scroll labeled SOCUAMUITO, it crumbles to dust.
You feel aware of your surroundings.
It was a scroll of magic mapping.
The orc wizard barely misses you.
The orc wizard hits you but does no damage. x2
As you read the scroll labeled WYMPIS ARAF, it crumbles to dust.
You hear the chiming of a distant gong.
It was a scroll of random uselessness.
The orc wizard casts a spell at you. The puff of frost hits you! You resist.
You die...

#...........##***,,,,* *,,***,,,,
..[....####.## **.#####.,* **,,,
.......####..## *.......,* **,,,
.......##.....# *.......,***,,,,
..##......##..# *.......,,,,,,,,
..####....##..# *.......,,,***,,
.........###..# *.......,,,* **,
.........#*#..####o......,,,* **
..........,#...o@o{......,,,* **,
(....(...#.#..####o......,,,***,,
#.##..#.##.##.# *.......,,,,,,,,
#.##..#.#*,##.#***.......,,,,,,**
#.##..#,**,,...,,,.......,,,,,,*
#.##..#<****#..,,*.......,,,,,,*
#(....#,,,,,#..,,*.######***,,,*
#####.#,,,,,#.,,,*.# *,,,*
...##.#,,,,,***,,*,* *,,,**


You could see 2 orc wizards and 2 orcs.

Vanquished Creatures
  An orc wizard (D:3)
  An adder (D:2)
  An ooze (D:1)
  2 worms (D:2)
  2 dart slugs
  4 orcs (D:3)
  2 giant cockroaches
  3 goblins
  4 hobgoblins
  8 jackals
  6 kobolds
  2 quokkas (D:3)
  5 bats
  3 frilled lizards
  5 rats
49 creatures vanquished.

Notes
Turn   | Place    | Note
-------+----------+-------------------------------------------
     0 | D:1      | HEYYEYAAE the Demigod Gladiator began the quest for the Orb.
     0 | D:1      | Reached XP level 1. HP: 17/17 MP: 3/3
    43 | D:1      | Reached skill level 3 in Polearms
   141 | D:1      | Reached XP level 2. HP: 8/24 MP: 4/4
   741 | D:2      | Found a hazy altar of Hepliaklqana.
   801 | D:2      | Reached XP level 3. HP: 29/29 MP: 5/5
   805 | D:2      | Reached skill level 4 in Polearms
  1192 | D:2      | Found an ancient bone altar of Kikubaaqudgha.
  1366 | D:2      | Found a faded altar of an unknown god.
  1464 | D:3      | Reached XP level 4. HP: 14/36 MP: 6/6
  1796 | D:3      | Gained mutation: You are robust. (+10% HP) [potion of mutation]
  1796 | D:3      | Gained mutation: Armour fits poorly on your strangely shaped body. [potion of mutation]
  1796 | D:3      | Gained mutation: You are partially covered in yellow scales. (AC +2) [potion of mutation]
  1802 | D:3      | Killed from afar by an orc wizard

Skill      XL: |  1  2  3 |
---------------+----------+-----
Polearms       | 3 4 |  4.9
Fighting       | |  1.7
Throwing       | |  1.7
Dodging        | |  2.6

Action                   |  1- 3 |  4- 6 || total
-------------------------+-------+-------++-------
Melee: Trident           |   165 |    20 ||   185
Throw: Throwing net      |       |     1 ||     1
  Use: Potion            |       |     5 ||     5
       Scroll            |       |     3 ||     3
 Stab: Sleeping          |     5 |     1 ||     6
  Eat: Chunk             |     1 |     2 ||     3
Armor: Leather armour    |    35 |     7 ||    42
Dodge: Dodged            |   124 |    14 ||   138
